Unix NetHack Version 3.7.0-94 Work-in-progress - last build Dec 13 2023 01:40:03 (eb5afe49d650b6f5c6196fad733e3b2b9fb6c025,branch:master). Game began 2023-12-13 18:55:43, ended 2023-12-13 19:02:37. elenmirie, neutral female human Priestess --- --- ---.-- --.-- |....----|...| |.@.....|--..----------------------- --.i..-.---..0.....................| |.--.........--.-.....-------- - - |.|-----...---.........-- -.| ---..............| .| -----....%.....| -- ---..........| -- --...........-- --.--....*.`.....| ----........^......-- --.........0.......-| |..............*....| --.............[....-- -- -...........)...*...--- ...| -..---........))...................- |..- --.....--<--............| | ---.---------.|..-- | -- -- ----- Elenmirie the Acolyte St:15 Dx:13 Co:9 In:9 Wi:18 Ch:11 Neutral Dlvl:4 $:39 HP:0(36) Pw:41(41) AC:7 Xp:4/103 T:1107 Latest messages: What do you want to write with? [- ao or ?*] ? Do you want to add to the current engraving? [ynq] (y) n You wipe out the message that was written in the dust here. You write in the dust with an uncursed copper wand. What do you want to write in the dust here? x What do you want to zap? [o or ?*] o In what direction? . What do you want to call? [jkmo or ?*] o Call a copper wand: dir cop You hit the gnome! The gnome hits! You kill the gnome! p - 4 blessed darts. You try to move the boulder, but in vain. With great effort you move the boulder. The imp hits! You miss the imp. The imp hits! You hit the imp! The imp hits! "Look! Thy bootlace is undone!" You miss the imp. The imp hits! You miss the imp. The imp hits! You miss the imp. The imp just misses! "Hast thou considered masking thine odour?" You miss the imp. The imp hits! You miss the imp. The imp hits! You miss the imp. The imp hits! You miss the imp. The imp hits! You miss the imp. The imp hits! You miss the imp. The imp hits! You hit the imp. The imp hits! You hit the imp! The imp hits! You die... Do you want your possessions identified? [ynq] (y) y Do you want to see your attributes? [ynq] (y) y Do you want an account of creatures vanquished? [ynaq] (y) y Do you want to see your conduct and achievements? [ynq] (y) y Do you want to see the dungeon overview? [ynq] (y) y Inventory: Coins $ - 39 gold pieces Weapons p - 4 blessed +0 darts a - a blessed +1 mace (weapon in right hand) Armor c - an uncursed +0 small shield (being worn) b - a blessed +0 robe (being worn) Comestibles e - 2 uncursed cloves of garlic i - 3 uncursed food rations f - an uncursed sprig of wolfsbane Scrolls k - an uncursed scroll of enchant armor j - an uncursed scroll of light Spellbooks h - an uncursed spellbook of identify g - an uncursed spellbook of light Potions d - 4 potions of holy water n - an uncursed potion of water Wands o - an uncursed wand of opening (0:5) Tools m - an uncursed tallow candle Elenmirie the Priestess's attributes: Background: You were an Acolyte, a level 4 human Priestess. You were neutral, on a mission for The Lady who was opposed by Blind Io (lawful) and Offler (chaotic). You were right-handed. You were in the Gnomish Mines, on level 4. You entered the dungeon 1107 turns ago. There was a new moon in effect when your adventure ended. You had 103 experience points, 57 more were needed to attain level 5. Basics: You had 0 out of 36 hit points. You had all 41 energy points (spell power). Your armor class was 7. Your wallet contained 39 zorkmids. Autopickup was on for '$' plus thrown. Final Characteristics: Your strength was 15 (limit:18/100). Your dexterity was 13 (limit:18). Your constitution was 9 (limit:18). Your intelligence was 9 (limit:18). Your wisdom was 18 (limit:18). Your charisma was 11 (limit:18). Final Status: You weren't hungry. You were unencumbered. You were wielding a mace. You had basic skill with mace. Final Attributes: You were devoutly aligned. You were guarded. You are dead. Miscellaneous: You never encountered a bones level. Total elapsed playing time was 6 minutes and 53 seconds. Major events: Turn 1: elenmirie the neutral human Priestess entered the dungeon 952: entered the Gnomish Mines 977: attained the rank of Acolyte (level 3) 1107: killed by an imp Vanquished creatures: 2 gnome leaders 2 dwarves a dwarf zombie an iguana 7 gnomes a gecko 2 jackals a kobold 2 goblins a sewer rat a grid bug a bat a lichen a newt 24 creatures vanquished. No species were genocided or became extinct. Voluntary challenges: You were illiterate. You never engraved Elbereth. You never genocided any monsters. You never polymorphed an object. You never changed form. You used no wishes. Achievements: You entered a shop. You entered the Gnomish Mines. You attained the rank of Acolyte. The Dungeons of Doom: levels 1 to 3 Level 1: A fountain. Level 2: A potion shop, a fountain. Level 3: A fountain. Stairs down to The Gnomish Mines. The Gnomish Mines: Level 4: <- You were here. Final resting place for you, killed by an imp. Game over: ---------- / \ / REST \ / IN \ / PEACE \ / \ | elenmirie | | 39 Au | | killed by an imp | | | | | | | | 2023 | *| * * * | * _________)/\\_//(\/(/\)/\//\/|_)_______ Goodbye elenmirie the Priestess... You died in The Gnomish Mines on dungeon level 4 with 598 points, and 39 pieces of gold, after 1107 moves. You were level 4 with a maximum of 36 hit points when you died.